 Dungeon Crawl Stone Soup version 0.24.0-13-gcf9b3192b9 (webtiles) character file.

Game seed: 15881238456158347670, levelgen mode: deterministic

98 Monsterracer the Insei (level 4, -4/33 HPs)
             Began as a Vampire Fire Elementalist on Nov 8, 2019.
             Killed from afar by an orc wizard (8 damage)
             ... with a puff of flame
             ... on level 2 of the Dungeon.
             The game lasted 00:03:56 (1931 turns).

Monsterracer the Insei (Vampire Fire Elementalist)  Turns: 1931, Time: 00:03:56

Health: -4/33      AC:  6    Str:  8    XL:     4   Next: 44%
Magic:  7/7        EV: 15    Int: 22    God:
Gold:   81         SH:  0    Dex: 19    Spells: 6/7 levels left

rFire    . . .     SeeInvis +     - Unarmed
rCold    . . .     Gourm    .   (no shield)
rNeg     + . .     Faith    .   c - +0 ring mail
rPois    .         Spirit   .   (no helmet)
rElec    .         Reflect  .   (no cloak)
rCorr    .         Harm     .   (no gloves)
MR       .....                  k - +0 pair of boots (curse)
Stlth    +++.......             (no amulet)
HPRegen  0.31/turn              h - ring of positive energy
MPRegen  0.10/turn              (no ring)

@: brilliant, agile, regenerating quickly
A: no food, fangs 3, see invisible, unbreathing
a: Exsanguinate


You were on level 2 of the Dungeon.
You were alive.

You visited 1 branch of the dungeon, and saw 3 of its levels.

You collected 81 gold pieces.

Inventory:

Armour
 c - a +0 ring mail (worn)
   (You found it on level 1 of the Dungeon)
 k - a cursed +0 pair of boots (worn)
   (You found it on level 2 of the Dungeon)
Jewellery
 h - a ring of positive energy (left hand)
   (You found it on level 1 of the Dungeon)
Scrolls
 b - a scroll of random uselessness {unknown}
 d - 3 scrolls of identify {unknown}
 j - a scroll of enchant weapon {unknown}
 l - a scroll of immolation {unknown}
Potions
 a - a potion of lignification {unknown}
 f - a potion of resistance {unknown}
 g - a potion of agility
 i - a potion of haste {unknown}
 z - a potion of brilliance


   Skills:
 + Level 1.9 Fighting
 - Level 2.1 Dodging
 - Level 3.0 Stealth
 * Level 3.7 Unarmed Combat
 - Level 2.0 Spellcasting
 - Level 0.6 Conjurations
 - Level 2.4 Fire Magic


You had 6 spell levels left.
You knew the following spells:

 Your Spells              Type           Power        Failure   Level  Hunger
a - Flame Tongue          Conj/Fire      ###..        2%          1    N/A

Your spell library contained the following spells:

 Spells                   Type           Power        Failure   Level  Hunger
 Throw Flame              Conj/Fire      ###...       4%          2    N/A
 Conjure Flame            Conj/Fire      ###.....     8%          3    N/A
 Inner Flame              Hex/Fire       ###.....     9%          3    N/A
 Sticky Flame             Conj/Fire      ###.....     22%         4    N/A
 Fireball                 Conj/Fire      ###.......   47%         5    N/A

Dungeon Overview and Level Annotations

Branches:
Dungeon (3/15)

Altars:


Innate Abilities, Weirdness & Mutations

You do not eat.
Your natural rate of healing is unusually fast.
You have razor-sharp teeth.
You have supernaturally acute eyesight. (SInv)
You can survive without breathing.


Message History

You hit the giant cockroach. Your bite misses the giant cockroach.
The giant cockroach is heavily wounded.
The giant cockroach bites you.
You barely miss the giant cockroach.
The giant cockroach is heavily wounded.
The giant cockroach barely misses you.
You hit the giant cockroach but do no damage.
The giant cockroach is heavily wounded.
The giant cockroach closely misses you.
You closely miss the giant cockroach. Your bite misses the giant cockroach.
The giant cockroach is moderately wounded.
The giant cockroach barely misses you.
A giant cockroach is nearby!
You closely miss the giant cockroach.
The giant cockroach is moderately wounded.
The giant cockroach closely misses you.
The giant cockroach bites you but does no damage.
You hit the giant cockroach but do no damage.
Your bite misses the giant cockroach.
The giant cockroach is moderately wounded.
The giant cockroach barely misses you.
A giant cockroach is nearby!
You barely miss the giant cockroach.
The giant cockroach is moderately wounded.
The giant cockroach bites you but does no damage.
You hit the giant cockroach.
You kill the giant cockroach!
An orc and an orc wizard come into view.
The orc shouts!
You hear a shout!
There are monsters nearby!
You see here 5 gold pieces.
The orc hits you but does no damage.
The orc wizard shouts!
The orc wizard gestures at you while chanting.
The magic dart hits you.
The orc wizard points at you and mumbles some strange words.
The puff of flame hits you!
The orc wizard gestures at you while chanting.
The puff of flame misses you.
There is a stone staircase leading up here.
You start resting.
The orc wizard points at you and mumbles some strange words.
The puff of frost hits you.
The orc wizard hits you but does no damage.
You climb upwards.
There is a stone staircase leading down here.
You hit the orc wizard. Your bite misses the orc wizard.
The orc wizard is lightly wounded.
The orc wizard gestures at you while chanting.
The magic dart hits you!
You completely miss the orc wizard.
The orc wizard is lightly wounded.
You hit the orc wizard. Your punch misses the orc wizard.
The orc wizard is moderately wounded.
The orc wizard looks satisfied for a moment.
You hit the orc wizard but do no damage.
The orc wizard is moderately wounded.
The orc wizard begins to cast a cantrip, but forgets the words!
Your ring mail prevents you from hitting the orc wizard.
The orc wizard is moderately wounded.
The orc wizard barely misses you.
You closely miss the orc wizard.
The orc wizard is moderately wounded.
The orc wizard barely misses you.
You completely miss the orc wizard.
The orc wizard is moderately wounded.
The orc wizard points at you and mumbles some strange words.
The puff of flame hits you!
* * * LOW HITPOINT WARNING * * *
You hit the orc wizard.
The orc wizard is moderately wounded.
The orc wizard hits you but does no damage.
You hit the orc wizard.
The orc wizard is heavily wounded.
The orc wizard barely misses you.
You closely miss the orc wizard.
The orc wizard is heavily wounded.
The orc wizard hits you but does no damage.
You barely miss the orc wizard.
The orc wizard is heavily wounded.
The orc wizard hits you but does no damage.
You barely miss the orc wizard.
The orc wizard is heavily wounded.
The orc wizard hits you but does no damage.
You hit the orc wizard but do no damage.
Your punch misses the orc wizard. Your bite misses the orc wizard.
The orc wizard is heavily wounded.
The orc wizard points at you and mumbles some strange words.
The puff of frost hits you!
* * * LOW HITPOINT WARNING * * *
It was a potion of agility.
You feel agile all of a sudden.
g - a potion of agility;
e - 2 metallic yellow potions The orc wizard hits you but does no damage.
It was a potion of brilliance.
You feel clever all of a sudden.
z - a potion of brilliance The orc wizard gestures at you while chanting.
The puff of flame hits you!
You die...

##########(####.#
###...88≈≈≈≈≈8 # ####.# #.#
#.....###≈≈≈≈. # #....#
##.####.###)# #≈≈≈≈≈ #
#.#### #.......# #.# #≈≈≈≈≈
# #.# #..###### #.# #.≈≈≈≈
#.# #..# #.# ##≈≈≈≈ #.#
#..# #.# #≈≈≈≈ #.# #..####
#.# ##≈≈≈ #.#
#..@o.#####.#####≈≈≈
#.######.##.............≈≈≈
#.#......##..#.#######.≈≈≈≈
#.#.######...#.# #.≈≈≈≈
#..........#>#.# #.≈≈≈≈
###..........#.#######≈≈≈≈≈
#.##########........≈≈≈≈≈
#########.#
#...........≈≈≈≈≈#
..........#
#.##########≈≈≈≈≈#


You could see an orc wizard.

Vanquished Creatures
  An orc wizard (D:3)
  2 adders (D:2)
  3 dart slugs (D:1)
  A leopard gecko (D:2)
  4 bats (D:2 D:3)
  4 giant cockroaches (D:1 D:2 D:3)
  8 goblins (D:1 D:2 D:3)
  4 hobgoblins (D:1 D:3)
  3 jackals (D:1)
  A quokka (D:3)
  2 ball pythons (D:1 D:2)
  4 frilled lizards (D:1 D:2)
  3 kobolds (D:1 D:2)
  5 rats (D:1 D:2 D:3)
45 creatures vanquished.

Notes
Turn   | Place    | Note
-------+----------+-------------------------------------------
     0 | D:1      | Monsterracer the Vampire Fire Elementalist began the quest
                  | for the Orb.
     0 | D:1      | Reached XP level 1. HP: 13/13 MP: 3/3
    89 | D:1      | Reached skill level 1 in Unarmed Combat
   232 | D:1      | Reached XP level 2. HP: 13/20 MP: 5/5
   532 | D:1      | Reached skill level 1 in Fighting
   801 | D:2      | Reached XP level 3. HP: 26/26 MP: 1/6
  1681 | D:3      | Reached XP level 4. HP: 33/33 MP: 7/7
  1714 | D:3      | HP: 12/33 [orc wizard/magic dart (7)]
  1923 | D:2      | HP: 10/33 [orc wizard/puff of flame (10)]
  1929 | D:2      | HP: 3/33 [orc wizard/puff of frost (9)]
  1931 | D:2      | Killed from afar by an orc wizard

Levels and vault maps discovered:
D:1:      dpeg_arrival_ternary, layout_rooms
D:2:      wander_river, layout_loops_ring
D:3:      layout_basic, lemuel_zombie_altar_yredelemnul,
          kennysheep_okawaru_gauntlet, uniq_sigmund

Skill      XL: |  1  2  3 |
---------------+----------+-----
Unarmed Combat | 1 2 3 |  3.7
Fighting       | 1 |  1.9
Dodging        | |  2.1
Stealth        | |  3.0
Spellcasting   | |  2.0
Conjurations   | |  0.6
Fire Magic     | |  2.4

Action                   |  1- 3 |  4- 6 || total
-------------------------+-------+-------++-------
Melee: Unarmed           |   139 |    36 ||   175
       Bite              |    10 |     3 ||    13
       Punch             |     1 |       ||     1
 Cast: Flame Tongue      |    23 |     4 ||    27
  Use: Potion            |       |     2 ||     2
 Stab: Sleeping          |     6 |       ||     6
Armor: Robe              |     2 |       ||     2
       Ring mail         |    52 |    21 ||    73
Dodge: Dodged            |    92 |    15 ||   107
